 Dungeon Crawl Stone Soup version 0.31-a0-1616-gbeaec30b81 (webtiles) character file.

Game seed: 17777817693621989868

105 shadizar the Magician (level 5, 0/40 HPs)
             Began as a Djinni Fire Elementalist on Jan 10, 2024.
             Slain by a sky beast (2 damage)
             ... on level 3 of the Dungeon.
             The game lasted 00:03:25 (2214 turns).

shadizar the Magician (Djinni Fire Elementalist)    Turns: 2214, Time: 00:03:26

Health: 0/40       AC:  4    Str:  7    XL:     5   Next: 8%
Gold:   109        EV: 12    Int: 19    God:
                   SH:  0    Dex: 13

rFire   + + .        d - +0 whip
rCold   x . .        (no shield)
rNeg    . . .        a - +0 robe
rPois   ∞            (no helmet)
rElec   .            (no cloak)
rCorr   .            i - +1 pair of gloves
SInv    .            (boots unavailable)
Will    .....        (no amulet)
Stlth   ++           (no ring)
HPRegen 0.26/turn    (no ring)
MPRegen 0.00/turn

%: infuse magic (-1 HP)
@: flying
A: sickness immunity, fire resistance 2, cold vulnerability 1, float, innate
caster, HP casting, extra vitality 1
a: no special abilities


You were on level 3 of the Dungeon.
You visited 1 branch of the dungeon, and saw 3 of its levels.

You collected 109 gold pieces.

Inventory:

Hand Weapons
 d - a +0 whip (weapon)
Armour
 a - a +0 robe (worn)
 i - a +1 pair of gloves (worn)
Scrolls
 e - a scroll of enchant weapon {unknown}
 g - a scroll of poison {unknown}
 h - a scroll of teleportation {unknown}
 j - 2 scrolls of identify {unknown}
Potions
 b - 2 potions of cancellation {unknown}
 c - a potion of haste {unknown}
 f - a potion of lignification {unknown}
 k - a potion of attraction {unknown}
 l - a potion of enlightenment {unknown}


   Skills:
 * Level 3.3 Fighting
 - Level 2.1 Dodging
 - Level 1.5 Stealth
 + Level 3.7 Spellcasting
 + Level 3.7 Conjurations
 + Level 3.7 Hexes
 + Level 3.7 Summonings
 + Level 3.7 Necromancy
 + Level 3.7 Translocations
 + Level 3.7 Fire Magic
 + Level 3.7 Ice Magic
 + Level 3.7 Air Magic
 + Level 3.7 Earth Magic
 + Level 3.7 Alchemy


You knew the following spells:

 Your Spells              Type           Power      Damage    Failure   Level
a - Foxfire               Conj/Fire      68%        2x1d7     3%          1
b - Scorch                Fire           34%        2d6       4%          2
c - Volatile Blastmotes   Fire/Tloc      34%        2d12      10%         3
d - Inner Flame           Hex/Fire       17%        N/A       10%         3
e - Flame Wave            Conj/Fire      17%        2d7       30%         4
f - Necrotise             Necr           68%        1d7       3%          1
g - Jinxbite              Hex            34%        N/A       4%          2
Your spell library was empty.

Dungeon Overview and Level Annotations

Branches:
Dungeon (3/15)

Altars:
Fedhas
Wu Jian
Yredelemnul


Innate Abilities, Weirdness & Mutations

You are immune to sickness and miasma.
You are immune to poison.
Your flesh is very heat resistant. (rF++)
You are vulnerable to cold. (rC-)
You float through the air rather than walking.
You learn spells naturally, not from books.
Your magical power is your life essence.
You have superior vitality. (+4 MHP)


Message History

You conjure some foxfire!
The foxfire hits the sky beast.
The sky beast is moderately wounded.
The foxfire hits the sky beast.
The sky beast is heavily wounded.
The sky beast flickers out of sight!
Deactivating autopickup; reactivate with Ctrl-A.
Something hits you. Something shocks you.
Casting: Foxfire (safe; 3% risk of failure)
Confirm with . or Enter, or press ? or * to list all spells.
You conjure some foxfire!
The foxfire hits something but does no damage.
Something hits you. Something shocks you.
Unknown command.
Casting: Foxfire (safe; 3% risk of failure)
Confirm with . or Enter, or press ? or * to list all spells.
You conjure some foxfire!
The foxfire hits something. x2; Something hits you.
Something shocks you.
* * * LOW HITPOINT WARNING * * *
Unknown command.
Casting: Foxfire (safe; 3% risk of failure)
Confirm with . or Enter, or press ? or * to list all spells.
You conjure some foxfire!
* * * LOW HITPOINT WARNING * * *
The foxfire hits something.
A sky beast appears from thin air!
Reactivating autopickup.
The sky beast hits you.
* * * LOW HITPOINT WARNING * * *
The sky beast shocks you.
* * * LOW HITPOINT WARNING * * *
Unknown command.
Unknown command.
Unknown command.
Unknown command.
Unknown command.
Your foxfire dissipates!
The foxfire hits the sky beast but does no damage.
The sky beast is almost dead.
The sky beast attacks as it pursues you!
The sky beast hits you.
You die...

....<...# ........#
........# ........# ##
........# #$##.####
####'#### ###..#.....##
#.# #.§..#.......
#.############Y...#......#
#....v.......@#v###.....#
#############.#...#.....#
#.###.#..[..#
#.#...>.....#
#.#.###.....# #.#.# ######
#...# ###.# ###


You could see a sky beast.

Vanquished Creatures
  2 adders (D:2)
  5 dart slugs
  2 ribbon worms (D:2)
  11 ball pythons
  5 endoplasms
  7 giant cockroaches
  4 goblins
  4 hobgoblins
  6 jackals (D:1)
  4 kobolds
  5 quokkas
  5 bats
  2 frilled lizards
  3 rats
65 creatures vanquished.

Vanquished Creatures (collateral kills)
  2 foxfires (D:3)
2 creatures vanquished.

Vanquished Creatures (others)
  105 foxfires
105 creatures vanquished.

Grand Total: 172 creatures vanquished

Notes
Turn   | Place    | Note
-------+----------+-------------------------------------------
     0 | D:1      | shadizar the Djinni Fire Elementalist began the quest for
                  | the Orb.
     0 | D:1      | shadizar set off with the following spells memorised:
                  | Foxfire, Scorch, Volatile Blastmotes, Inner Flame, Flame
                  | Wave.
     0 | D:1      | Reached XP level 1. HP: 15/15 MP: 0/0
   123 | D:1      | Reached skill level 1 in Fighting
   123 | D:1      | Reached XP level 2. HP: 20/22 MP: 0/0
   356 | D:1      | Reached XP level 3. HP: 20/28 MP: 0/0
   356 | D:1      | Learned a level 1 spell: Necrotise
  1072 | D:2      | Reached XP level 4. HP: 27/34 MP: 0/0
  1951 | D:2      | Reached XP level 5. HP: 39/40 MP: 0/0
  1951 | D:2      | Learned a level 2 spell: Jinxbite
  2102 | D:3      | Found a basalt altar of Yredelemnul.
  2103 | D:3      | Found a blossoming altar of Fedhas.
  2104 | D:3      | Found an ornate altar of the Wu Jian Council.
  2185 | D:3      | Noticed a sky beast
  2213 | D:3      | HP: 1/40 [sky beast (6)]
  2214 | D:3      | Slain by a sky beast

Illustrated notes

Levels and vault maps discovered:
D:1:      dpeg_arrival_arbitrary_b, layout_loops_cross
D:2:      layout_basic
D:3:      layout_basic, trog_book, gammafunk_temple_overflow_forgotten,
          gammafunk_ghost_mausoleum, hellmonk_ecumenical_altar_defaced_shrine,
          uniq_sigmund, uniq_jessica

Skill      XL: |  1  2  3  4 |
---------------+-------------+-----
Fighting       | 1 2 3 |  3.3
Dodging        | |  2.1
Stealth        | |  1.5
Spellcasting   | |  3.7
Conjurations   | |  3.7
Hexes          | |  3.7
Summonings     | |  3.7
Necromancy     | |  3.7
Translocations | |  3.7
Fire Magic     | |  3.7
Ice Magic      | |  3.7
Air Magic      | |  3.7
Earth Magic    | |  3.7
Alchemy        | |  3.7

Action                     |  1- 3 |  4- 6 || total
---------------------------+-------+-------++-------
  Melee: Unarmed           |     2 |       ||     2
         Whip              |     8 |     8 ||    16
   Cast: Foxfire           |    42 |    28 ||    70
         Scorch            |    20 |    30 ||    50
   Stab: Sleeping          |     1 |       ||     1
 Armour: Robe              |    16 |    19 ||    35
  Dodge: Dodged            |    35 |     6 ||    41

Table legend: (Time is in decaauts)
 A = Elapsed time spent in this place.
 B = Non-inter-level travel time spent in this place.
 C = Inter-level travel time spent in this place.
 D = Time resting spent in this place.
 E = Time spent auto-exploring this place.
 F = Levels seen in this place.
 G = Mean time per level.
                   A        B        C        D        E       F      G
               +--------+--------+--------+--------+--------+-----+--------+
         Total |   2214 |   2141 |     73 |      0 |   1705 |   3 |  738.0 |
       Dungeon |   2214 |   2141 |     73 |      0 |   1705 |   3 |  738.0 |
               +--------+--------+--------+--------+--------+-----+--------+

Top non-repeatable levels by time:
     D:1: 1062 daAuts
     D:2: 1031 daAuts
     D:3: 120 daAuts
